 Dungeon Crawl Stone Soup version 0.30-a0-728-gc68057be0a (webtiles) character file.

Game seed: 4454497671243218155

14 lunkers the Slasher (level 2, 26/26 HPs)
             Began as a Meteoran Fighter on Jan 30, 2023.
             Was a Follower of Vehumet.
             Quit the game on level 1 of the Dungeon.
             The game lasted 00:00:53 (231 turns).

lunkers the Slasher (Meteoran Fighter)               Turns: 231, Time: 00:00:53

Health: 26/26      AC:  6    Str: 17    XL:     2   Next: 82%
Magic:  3/3        EV:  9    Int:  9    God:    Vehumet [*.....]
Gold:   33         SH:  5    Dex: 13    Spells: 1/1 levels left

rFire   . . .      SeeInvis .    a - +0 long sword
rCold   . . .      Faith    .    c - +0 buckler
rNeg    . . .      Spirit   .    b - +0 scale mail
rPois   .          Reflect  .    (no helmet)
rElec   .          Harm     .    (no cloak)
rCorr   .          Rampage  .    (no gloves)
Will    .....                    (no boots) Stlth
                                 (no amulet)
HPRegen 0.24/turn                (no ring)
MPRegen 0.08/turn                (no ring)

@: glowing
A: sense surroundings 1, otherworldly, glowing, explore regen
a: Renounce Religion


You were on level 1 of the Dungeon.
You worshipped Vehumet.
Vehumet was aware of your devotion.
You visited 1 branch of the dungeon, and saw 1 of its levels.

You collected 33 gold pieces.

Inventory:

Hand Weapons
 a - a +0 long sword (weapon)
Armour
 b - a +0 scale mail (worn)
 c - a +0 buckler (worn)
Scrolls
 g - a scroll of teleportation {unknown}
 h - a scroll of poison {unknown}
 j - a scroll of fog {unknown}
 k - 3 scrolls of torment {unknown}
Potions
 d - 2 potions of might
 e - a potion of attraction {unknown}
 f - a potion of lignification {unknown}
 i - a potion of heal wounds {unknown}


   Skills:
 - Level 3.2 Fighting
 + Level 3.7 Long Blades
 - Level 3.6 Armour
 - Level 3.6 Shields


You had one spell level left.
You didn't know any spells.
Your spell library contained the following spells:

 Spells                   Type           Power      Damage    Failure   Level
 Foxfire                  Conj/Fire      0%         2x1d4     87%         1
 Inner Flame              Hex/Fire       0%         N/A       99%         3
 Flame Wave               Conj/Fire      0%         2d4       100%        4
 Sticky Flame             Conj/Fire      0%         2d3       100%        4


Dungeon Overview and Level Annotations

Branches:
Dungeon (1/15) Zot: 358

Altars:
Vehumet


Innate Abilities, Weirdness & Mutations

You passively map a small area around you.
You are easily found by Zot.
You glow in the dark.
You regain HP and MP as you explore.


Message History

A goblin comes into view. It is wielding a +0 dagger.
The goblin shouts!
You hit the goblin.
The goblin is moderately wounded.
The goblin hits you but does no damage.
You miss the goblin.
The goblin is moderately wounded.
The goblin closely misses you.
You hit the goblin.
The goblin is heavily wounded.
The goblin completely misses you. The goblin closely misses you.
You slash the goblin!
You kill the goblin!
The goblin hits you with a +0 dagger.
Things that are here:
a +0 dagger; a +0 dagger; a goblin corpse You barely miss the goblin.
You block the goblin's attack.
You hit the goblin.
The goblin is severely wounded.
The goblin misses you.
You hit the goblin.
You kill the goblin!
No target in view!
No target in view!
No target in view!
No target in view!
You see here a ball python corpse.
You open the door.
Found 9 gold pieces.
Found a faded altar of an unknown god.
There is an open door here.
You now have 33 gold pieces (gained 9).
There is a faded altar of an unknown god here.
This altar belongs to (a) the Shining One, (b) Vehumet or (c) Yredelemnul, but you can't tell which.
Press the corresponding letter to learn more about a god, or press enter to convert or escape to cancel.
Vehumet accepts your prayer! Vehumet welcomes you!
You can now gain magical power from killing.
Vehumet offers you knowledge of Foxfire.
Unknown command.
Press < or > to pray at altars.
Are you sure you want to abandon this character and quit the game? (Confirm with "yes".)

##.....#........###
##.................###
#.>.............##....
#...8.8...>.....######
#...#'#.........# #
#.. #.#.........# #
#.###.###.......# #
#8...8#.......######
#..@..#...........## *
,#8...8#.....#####...
###.###.##.## ##.. , ,
#.#... #.# ##. #+#.#
.. #. * 8 .#.* ##. .#
#.. * * ###.. ,, #...†


There were no monsters in sight!

Vanquished Creatures
  3 ball pythons (D:1)
  An endoplasm (D:1)
  A giant cockroach (D:1)
  2 quokkas (D:1)
  A frilled lizard (D:1)
  3 goblins (D:1)
  A kobold (D:1)
  A rat (D:1)
13 creatures vanquished.

Notes
Turn   | Place    | Note
-------+----------+-------------------------------------------
     0 | D:1      | lunkers the Meteoran Fighter began the quest for the Orb.
     0 | D:1      | Reached XP level 1. HP: 19/19 MP: 2/2
    62 | D:1      | Reached XP level 2. HP: 26/26 MP: 3/3
   223 | D:1      | Found a faded altar of an unknown god.
   230 | D:1      | Prayed at the altar of an unknown god.
   230 | D:1      | Became a worshipper of Vehumet
   230 | D:1      | Reached * piety under Vehumet
   230 | D:1      | Offered knowledge of Foxfire by Vehumet.
   231 | D:1      | Quit the game

Illustrated notes

Levels and vault maps discovered:
D:1:      psy_arrival_fountain, layout_rooms,
          dreamdust_ecumenical_altar_angels_and_demons

Skill      XL: |  1 |
---------------+----+-----
Long Blades    | 3 |  3.7
Fighting       | |  3.2
Armour         | |  3.6
Shields        | |  3.6

Action                     || total
---------------------------++-------
  Melee: Long sword        ||    36
 Armour: Scale mail        ||    15
  Dodge: Dodged            ||    13
  Block: Buckler           ||     6

Table legend: (Time is in decaauts)
 A = Elapsed time spent in this place.
 B = Non-inter-level travel time spent in this place.
 C = Inter-level travel time spent in this place.
 D = Time resting spent in this place.
 E = Time spent auto-exploring this place.
 F = Levels seen in this place.
 G = Mean time per level.
                   A        B        C        D        E       F      G
               +--------+--------+--------+--------+--------+-----+--------+
         Total |    241 |    219 |     22 |      0 |    134 |   1 |  241.0 |
       Dungeon |    241 |    219 |     22 |      0 |    134 |   1 |  241.0 |
               +--------+--------+--------+--------+--------+-----+--------+

Top non-repeatable levels by time:
     D:1: 241 daAuts
